 Dungeon Crawl Stone Soup version 0.21.1-1-g345015f (webtiles) character file.

56 RudyRod the Insei (level 3, 28/28 HPs)
             Began as a Gnoll Transmuter on May 18, 2018.
             Got out of the dungeon alive.
             The game lasted 00:04:54 (1747 turns).

RudyRod the Insei (Gnoll Transmuter)                Turns: 1747, Time: 00:04:56

Health: 28/28      AC:  2    Str: 13    XL:     3   Next: 97%
Magic:  9/9        EV: 15    Int: 15    God:
Gold:   70         SH:  0    Dex: 15    Spells: 11/12 levels left

rFire    . . .     SeeInvis .     - Unarmed
rCold    . . .     Gourm    .   (no shield)
rNeg     . . .     Faith    .   b - +0 robe
rPois    .         Spirit   .   (no helmet)
rElec    .         Reflect  .   (no cloak)
rCorr    .         Harm     .   (no gloves)
MR       .....                  (no boots)
Stlth    ++........             (no amulet)
HPRegen  0.09/turn              (no ring)
MPRegen  0.11/turn              (no ring)

@: no status effects
A: distributed training, fangs 1, strong nose
a: no special abilities


You escaped.
You were not hungry.

You visited 1 branch of the dungeon, and saw 2 of its levels.

You collected 70 gold pieces.

Inventory:

Missiles
 a - 34 arrows
Armour
 b - a +0 robe (worn)
Scrolls
 e - a scroll of amnesia {unknown}
 g - a scroll of enchant weapon {unknown}
 h - a scroll of noise {unknown}
 l - 2 scrolls of fear {unknown}
 m - a scroll of blinking {unknown}
Potions
 f - 2 potions of curing {unknown}
 i - a potion of resistance {unknown}
Books
 c - a book of Changes

   Spells                             Type                      Level
   a - Beastly Appendage              Transmutation                1
   b - Sticks to Snakes               Transmutation                2
   c - Spider Form                    Transmutation/Poison         3
   d - Ice Form                       Ice/Transmutation            4
   e - Blade Hands                    Transmutation                5
 j - a book of Minor Magic

   Spells                             Type                      Level
   a - Magic Dart                     Conjuration                  1
   b - Blink                          Translocation                2
   c - Call Imp                       Summoning                    2
   d - Slow                           Hexes                        2
   e - Conjure Flame                  Conjuration/Fire             3
   f - Mephitic Cloud                 Conjuration/Poison/Air       3
Comestibles
 d - 5 rations
 k - 3 chunks of flesh


   Skills:
 + Level 2.6 Fighting
 + Level 1.0 Short Blades
 + Level 1.0 Long Blades
 + Level 1.0 Axes
 + Level 1.0 Maces & Flails
 + Level 1.0 Polearms
 + Level 1.0 Staves
 + Level 1.0 Slings
 + Level 1.0 Bows
 + Level 1.0 Crossbows
 + Level 1.0 Throwing
 + Level 1.0 Armour
 + Level 4.6 Dodging
 + Level 1.0 Stealth
 + Level 1.0 Shields
 + Level 6.5 Unarmed Combat
 + Level 5.0 Spellcasting
 + Level 0.7 Conjurations
 + Level 0.7 Hexes
 + Level 0.7 Charms
 + Level 0.7 Summonings
 + Level 0.7 Necromancy
 + Level 0.7 Translocations
 + Level 3.8 Transmutations
 + Level 0.7 Fire Magic
 + Level 0.7 Ice Magic
 + Level 0.7 Air Magic
 + Level 0.7 Earth Magic
 + Level 0.7 Poison Magic
 + Level 1.0 Invocations
 + Level 1.0 Evocations


You had 11 spell levels left.
You knew the following spells:

 Your Spells              Type           Power        Failure   Level  Hunger
a - Beastly Appendage     Tmut           ###...       3%          1    None


Dungeon Overview and Level Annotations

Branches:
Dungeon (2/15)

Altars:
Cheibriados


Innate Abilities, Weirdness & Mutations

Your experience applies equally to all skills.
You have very sharp teeth.
Your uncanny sense of smell can sniff out nearby items.


Message History

d - 5 rations (gained 1) Done exploring.
Saving game... please wait.
Welcome back, RudyRod the Gnoll Transmuter.
Press ? for a list of commands and other information.
Drop what? 13/52 slots (_ for help) (? for menu, Esc to quit)
Okay, then.
(D) Dungeon
Where to? (? - help)
What level of the Dungeon? (default 1, ? - help)
Your talons disappear.
There is an open door here.
There is an open door here.
There is an open door here.
There is a stone staircase leading up here.
You climb upwards.
There is a stone staircase leading down here.
There is a staircase leading out of the dungeon here.
Are you sure you want to leave the Dungeon?
This will make you lose the game!
You have escaped!

#..##....#....#.#.#(#
#..####'#######.#.#.#
#..# #.# ###.#.#.# # #..#
##.# #...#.#.# ## #%.#
#.## ###...#.#.###. #'##
#'####.......#..... ##.#
#............#####.
#.###............# ##
##.##.@...##....##
####'##.....##....# ##
#.....#.....###.#.# ####.
#.....#.....# #.#.###....
#.....#....## #.#........
######.....####.#####.###
#................##
##########...>....#
########.##


There were no monsters in sight!

Vanquished Creatures
  3 adders (D:2)
  An ooze (D:2)
  4 bats
  2 giant cockroaches
  3 goblins
  2 hobgoblins
  A quokka (D:2)
  2 ball pythons
  4 frilled lizards
  3 kobolds
  4 rats (D:2)
29 creatures vanquished.

Notes
Turn   | Place    | Note
-------+----------+-------------------------------------------
     0 | D:1      | RudyRod the Gnoll Transmuter began the quest for the Orb.
     0 | D:1      | Reached XP level 1. HP: 17/17 MP: 6/6
   528 | D:1      | Reached XP level 2. HP: 23/23 MP: 5/7
  1027 | D:2      | Found a snail-covered altar of Cheibriados.
  1095 | D:2      | Reached skill level 5 in Spellcasting
  1095 | D:2      | Reached XP level 3. HP: 15/28 MP: 6/9
  1412 | D:2      | Reached skill level 1 in Invocations
  1421 | D:2      | Reached skill level 1 in Short Blades
  1421 | D:2      | Reached skill level 1 in Long Blades
  1421 | D:2      | Reached skill level 1 in Axes
  1421 | D:2      | Reached skill level 1 in Maces & Flails
  1421 | D:2      | Reached skill level 1 in Polearms
  1421 | D:2      | Reached skill level 1 in Staves
  1421 | D:2      | Reached skill level 1 in Slings
  1421 | D:2      | Reached skill level 1 in Bows
  1421 | D:2      | Reached skill level 1 in Crossbows
  1421 | D:2      | Reached skill level 1 in Throwing
  1421 | D:2      | Reached skill level 1 in Armour
  1421 | D:2      | Reached skill level 1 in Stealth
  1421 | D:2      | Reached skill level 1 in Shields
  1421 | D:2      | Reached skill level 1 in Evocations
  1747 | D:$      | Got out of the dungeon alive.

Skill      XL: |  1  2  3 |
---------------+----------+-----
Spellcasting   | 5 |  5.0
Invocations    | 1 |  1.0
Short Blades   | 1 |  1.0
Long Blades    | 1 |  1.0
Axes           | 1 |  1.0
Maces & Flails | 1 |  1.0
Polearms       | 1 |  1.0
Staves         | 1 |  1.0
Slings         | 1 |  1.0
Bows           | 1 |  1.0
Crossbows      | 1 |  1.0
Throwing       | 1 |  1.0
Armour         | 1 |  1.0
Stealth        | 1 |  1.0
Shields        | 1 |  1.0
Evocations     | 1 |  1.0
Fighting       | |  2.6
Dodging        | |  4.6
Unarmed Combat | |  6.5
Conjurations   | |  0.7
Hexes          | |  0.7
Charms         | |  0.7
Summonings     | |  0.7
Necromancy     | |  0.7
Translocations | |  0.7
Transmutations | |  3.8
Fire Magic     | |  0.7
Ice Magic      | |  0.7
Air Magic      | |  0.7
Earth Magic    | |  0.7
Poison Magic   | |  0.7

Action                   || total
-------------------------++-------
Melee: Unarmed           ||    59
       Bite              ||     6
       Headbutt          ||     3
       Kick              ||     6
       Punch             ||     1
 Cast: Beastly Appendage ||    18
 Stab: Sleeping          ||     1
  Eat: Chunk             ||     2
Armor: Robe              ||     9
Dodge: Dodged            ||    41
